Map: Ascension to Aiur LE

Players

Bly - Winner!

  • Race: Zerg Zerg
  • League: Grandmaster
  • Spawn Location: 11:00

DeMusliM

  • Race: Terran Terran
  • League: Grandmaster
  • Spawn Location: 5:00

Event: HomeStory Cup XVI

VOD

Have the link to the VOD?

Description

Time

  • Played on: Nov. 10, 2017, 9:59 a.m.
  • Length: 16:26

All games in this series

Show
View Real Time Build Order
Export as new Build Order

Bly Zerg - Winner!

Build Orders: Hatch First, Brood Lord Corruptor 

Get SALT Encoding   

  12  0:01  Drone  
  13  0:12  Overlord  
  13  0:19  Drone  
  14  0:31  Drone x2  
  14  0:34  Drone  
  17  0:52  Hatchery  
  17  0:56  Drone  
  17  0:59  Drone  
  18  1:06  Extractor  
  17  1:15  Spawning Pool  
  17  1:17  Drone  
  17  1:20  Drone  
  18  1:27  Drone  
  19  1:39  Overlord  
  19  1:51  Drone  
  20  2:01  Queen  
  20  2:02  Zergling x2  
  20  2:03  Queen  
  20  2:04  Zergling x2  
  26  2:12  Metabolic Boost  
  26  2:16  Drone x2  
  28  2:30  Hatchery  
  28  2:36  Drone x2  
  28  2:48  Drone x4  
  31  2:55  Queen  
  33  3:01  Overlord  
  33  3:11  Overlord  
  33  3:12  Drone x2  
  35  3:17  Drone  
  36  3:29  Overlord  
  36  3:30  Zergling x4  
  36  3:31  Zergling x8  
  42  3:40  Drone x2  
  44  3:42  Queen  
  44  3:44  Overlord  
  44  3:45  Queen  
  48  3:54  Overlord  
  48  3:57  Queen  
  48  4:00  Zergling x6  
  48  4:01  Zergling x2  
  54  4:04  Zergling x4  
  51  4:24  Zergling x14  
  51  4:25  Zergling x10  
  61  4:36  Drone  
  61  4:37  Roach Warren  
  61  4:38  Drone  
  62  4:43  Zergling x4  
  62  4:54  Zergling x6  
  62  4:55  Overlord  
  62  4:58  Spore Crawler  
  64  5:06  Drone x6  
  61  5:13  Extractor, Zergling x2  
  61  5:14  Zergling x14  
  57  5:29  Drone x2  
  57  5:30  Drone  
  57  5:33  Drone x2  
  60  5:41  Lair, Drone  
  60  5:42  Drone x2  
  63  5:52  Roach x2  
  67  6:00  Roach x2  
  71  6:04  Roach x2  
  71  6:08  Evolution Chamber  
  71  6:11  Evolution Chamber  
  73  6:15  Evolution Chamber  
  73  6:21  Drone x7  
  76  6:29  Drone x2  
  76  6:30  Drone  
  77  6:33  Drone  
  78  6:40  Glial Reconstitution  
  78  6:41  Drone x2  
  78  6:44  Drone  
  81  6:51  Infestation Pit, Drone  
  81  6:52  Drone  
  81  6:53  Hatchery  
  81  6:57  Overlord x2  
  81  7:05  Drone  
  81  7:06  Overlord  
  82  7:09  Extractor x2  
  82  7:10  Extractor x2  
  78  7:17  Drone x2  
  78  7:19  Overlord  
  80  7:27  Overlord  
  80  7:29  Drone x2  
  83  7:30  Drone x5  
  83  7:33  Overlord  
  85  7:37  Overlord  
  85  7:46  Roach x2  
  85  7:47  Roach x6  
  96  7:57  Roach x5  
  102  8:01  Drone x3  
  102  8:02  Zerg Missile Weapons Level 1  
  103  8:06  Roach x2  
  103  8:07  Roach x2  
  105  8:20  Drone x7  
  112  8:28  Overlord  
  112  8:29  Burrow  
  112  8:33  Roach  
  112  8:34  Roach x4  
  122  8:42  Ravager  
  122  8:43  Ravager x5  
  122  8:45  Roach x4  
  130  9:06  Roach x11  
  140  9:13  Overlord, Drone  
  140  9:14  Drone  
  140  9:15  Ravager x2  
  143  9:32  Swarm Host x2  
  143  9:34  Overlord  
  147  9:58  Extractor, Hive  
  147  9:59  Extractor  
  145  10:02  Zerg Missile Weapons Level 2, Overlord  
  145  10:06  Hydralisk Den  
  144  10:09  Hatchery  
  144  10:11  Drone x3  
  144  10:12  Drone x3  
  149  10:19  Ravager, Overlord  
  150  10:26  Drone x5  
  155  10:30  Spine Crawler  
  154  10:36  Muscular Augments  
  154  10:38  Drone x5  
  154  10:39  Hydralisk x5  
  154  10:40  Hydralisk x2  
  165  11:02  Hydralisk  
  165  11:03  Hydralisk x8  
  183  11:11  Overlord  
  183  11:30  Overlord  
  183  11:34  Viper x2  
  183  11:36  Overlord  
  189  11:46  Evolution Chamber  
  188  11:49  Spire  
  181  12:13  Zerg Ground Armor Level 1  
  172  12:19  Spine Crawler  
  172  12:21  Hydralisk x14  
  199  12:23  Zerg Missile Weapons Level 3  
  199  12:27  Overlord  
  195  12:42  Hydralisk x5  
  195  12:43  Hydralisk x8  
  199  12:57  Extractor  
  198  13:00  Spine Crawler  
  198  13:01  Extractor, Greater Spire  
  166  13:28  Drone  
  166  13:29  Drone x2  
  144  13:58  Corruptor x6  
  144  13:59  Corruptor x8  
  144  14:00  Corruptor  
  174  14:14  Hatchery  
  166  14:30  Overseer  
  166  14:32  Spore Crawler  
  165  14:38  Brood Lord x2  
  165  14:39  Brood Lord x5  
  165  14:41  Brood Lord  
  181  14:46  Brood Lord  
  183  15:02  Extractor, Brood Lord x2  
  183  15:04  Extractor  
  185  15:10  Queen, Brood Lord x2  
  185  15:11  Queen x2  
  195  15:18  Hydralisk x2  
  197  15:27  Hydralisk x2  
  174  15:50  Hydralisk x12  
  193  15:57  Hydralisk x3  
Show
View Real Time Build Order
Export as new Build Order

DeMusliM Terran 

Build Orders: Liberator Opening, Mech 

Get SALT Encoding   

  12  0:00  SCV  
  13  0:13  SCV  
  14  0:17  Supply Depot  
  14  0:25  SCV  
  15  0:38  SCV  
  15  0:40  Barracks  
  16  0:44  Refinery  
  16  0:50  SCV  
  17  1:03  SCV  
  18  1:15  SCV  
  19  1:27  Orbital Command, Marine  
  20  1:40  Command Center  
  20  1:45  Marine  
  21  1:52  Supply Depot  
  21  1:53  SCV  
  22  2:04  Factory  
  22  2:07  Barracks Reactor  
  22  2:12  SCV  
  23  2:17  Refinery  
  23  2:24  SCV  
  24  2:36  SCV  
  25  2:50  SCV  
  25  2:51  Marine x2  
  27  2:52  Starport  
  27  2:53  Widow Mine  
  27  2:55  Orbital Command  
  29  3:04  SCV  
  30  3:08  Marine  
  30  3:09  Marine  
  32  3:16  SCV  
  33  3:21  SCV  
  33  3:25  Supply Depot  
  34  3:28  SCV  
  34  3:29  Medivac  
  34  3:33  SCV, Marine  
  39  3:37  Hellion x2  
  39  3:40  Armory  
  43  3:42  Liberator  
  43  3:47  SCV x2  
  45  3:49  Supply Depot  
  45  3:59  SCV x2, Hellion  
  45  4:01  Hellion  
  54  4:11  Supply Depot, SCV x2  
  55  4:33  Hellion x2  
  55  4:35  SCV x2  
  61  4:40  Command Center  
  59  4:54  SCV  
  59  4:55  Hellion x2, SCV  
  65  5:00  Hellion  
  58  5:10  SCV x2  
  58  5:12  Terran Vehicle And Ship Armor Level 1  
  53  5:14  Factory  
  53  5:15  Refinery, Factory  
  53  5:16  Refinery, Hellion x2  
  57  5:23  SCV  
  57  5:24  SCV  
  52  5:36  SCV x2  
  52  5:37  Hellion x2  
  58  5:46  Starport Reactor  
  58  5:48  SCV x2  
  60  5:54  Orbital Command  
  60  5:56  Supply Depot  
  60  5:59  Hellion x2  
  64  6:05  SCV x2  
  64  6:07  Factory Tech Lab  
  64  6:08  Factory Tech Lab  
  66  6:13  Hellion x2  
  66  6:17  SCV x2  
  68  6:23  Hellion x2  
  70  6:29  SCV x2  
  70  6:30  Medivac x2, Thor x2  
  80  6:41  Supply Depot  
  80  6:42  Supply Depot  
  80  6:43  Supply Depot  
  80  6:45  SCV x2  
  80  6:46  SCV  
  83  6:49  Hellion x2  
  87  6:58  Supply Depot  
  87  6:59  Supply Depot, Orbital Command  
  87  7:10  Infernal Pre-Igniter, Hellion x2  
  87  7:13  Siege Tank x2  
  97  7:25  SCV  
  97  7:26  SCV  
  97  7:29  Factory  
  97  7:30  Factory  
  97  7:33  SCV  
  98  7:38  SCV x2  
  98  7:40  Hellion  
  98  7:41  Hellion  
  104  7:45  SCV, Siege Tank x2  
  104  7:50  SCV x2  
  113  7:55  Terran Vehicle Weapons Level 1  
  113  7:57  SCV  
  109  7:59  Armory  
  109  8:03  Hellion  
  109  8:04  Hellion, SCV x2  
  113  8:09  SCV  
  111  8:12  Refinery  
  111  8:14  Refinery  
  111  8:16  SCV x2  
  113  8:20  Factory Tech Lab, Factory Reactor  
  113  8:21  SCV, Siege Tank  
  117  8:28  SCV x2  
  117  8:33  Supply Depot, SCV, Siege Tank  
  127  8:34  Hellion x2  
  127  8:35  Supply Depot  
  127  8:38  Supply Depot  
  127  8:40  SCV x2  
  127  8:46  SCV  
  126  8:49  Siege Tank  
  126  8:54  Hellion  
  108  9:05  Hellion x3  
  108  9:06  SCV x2  
  108  9:07  SCV  
  109  9:15  Hellion, Siege Tank  
  114  9:18  SCV  
  114  9:19  SCV x2  
  114  9:23  Siege Tank  
  120  9:30  SCV  
  120  9:31  SCV  
  121  9:45  SCV x2  
  114  9:46  Siege Tank  
  110  9:56  SCV  
  110  9:57  SCV  
  112  10:03  Siege Tank x2  
  112  10:04  Terran Vehicle Weapons Level 2, Hellion x4  
  112  10:05  Command Center, Terran Vehicle And Ship Armor Level 2  
  126  10:15  Viking x2  
  126  10:18  Siege Tank  
  133  10:21  Engineering Bay  
  133  10:30  Hellion x4  
  133  10:35  Siege Tank x2  
  143  10:50  Siege Tank  
  146  10:57  SCV x2  
  146  10:58  Refinery  
  146  11:01  Supply Depot  
  146  11:02  Supply Depot x2  
  154  11:04  Hellion x3  
  154  11:07  Siege Tank  
  157  11:16  Siege Tank  
  157  11:17  Missile Turret x2  
  160  11:23  SCV x2  
  160  11:24  SCV  
  140  11:35  SCV  
  140  11:36  SCV x2  
  140  11:37  Siege Tank  
  140  11:38  Hellion x4  
  150  11:48  SCV x3  
  150  11:54  Thor  
  153  11:57  Supply Depot  
  162  12:16  SCV x2  
  162  12:18  SCV  
  165  12:23  Hellion  
  165  12:24  Hellion  
  165  12:25  Terran Vehicle And Ship Armor Level 3, Terran Vehicle Weapons Level 3  
  165  12:26  Missile Turret  
  165  12:27  Missile Turret  
  165  12:28  SCV x2  
  165  12:31  SCV  
  158  12:40  Command Center, SCV x2  
  154  12:51  SCV  
  155  12:52  SCV  
  155  12:57  Missile Turret  
  156  13:02  Sensor Tower  
  156  13:13  Thor  
  156  13:14  Thor  
  152  13:20  Hellion x3  
  152  13:28  Hellion  
  138  13:50  Siege Tank  
  138  13:51  Hellion x2  
  138  13:55  Planetary Fortress  
  139  13:56  Siege Tank  
  139  14:02  Sensor Tower  
  142  14:04  Thor  
  148  14:11  Hellion  
  148  14:12  Hellion  
  148  14:16  Refinery  
  152  14:17  Refinery  
  152  14:22  Hellion x2  
  156  14:25  Medivac x2  
  160  14:32  Thor  
  166  14:47  Thor, Missile Turret  
  166  14:48  Missile Turret  
  172  15:04  Command Center  
  172  15:06  Siege Tank  
  173  15:17  Siege Tank  
  170  15:30  Siege Tank  
  168  15:38  Thor  
Tags
 
Add a new tag
Caveats
  • Supply blocks, unpowered buildings, or Contaminate may cause inaccurate times.
  • Supply counts are checked every 10 seconds.